 Dungeon Crawl Stone Soup version 0.22.1 (webtiles) character file.

56 KomradDre the Grave Robber (level 3, -1/25 HPs)
             Began as a Mummy Necromancer on Sept 17, 2018.
             Slain by an orc wizard
             ... wielding a +0 dagger
              (2 damage)
             ... on level 2 of the Dungeon.
             The game lasted 00:12:53 (1255 turns).

KomradDre the Grave Robber (Mummy Necromancer)      Turns: 1255, Time: 00:12:54

Health: -1/25      AC:  2    Str: 11    XL:     3   Next: 71%
Magic:  2/8        EV: 12    Int: 15    God:
Gold:   76         SH:  0    Dex: 12    Spells: 8/9 levels left

rFire    x . .     SeeInvis .   (no weapon)
rCold    + . .     Gourm    .   (no shield)
rNeg     + + +     Faith    .   a - +0 robe
rPois    ∞         Spirit   .   (no helmet)
rElec    .         Reflect  .   (no cloak)
rCorr    .         Harm     .   (no gloves)
MR       .....                  (no boots)
Stlth    ++........             (no amulet)
HPRegen  0.08/turn              (no ring)
MPRegen  0.11/turn              (no ring)

@: no status effects
A: no food or potions, fire vulnerability, cold resistance 1, negative energy
resistance 3, torment resistance, unbreathing
a: no special abilities


You were on level 2 of the Dungeon.
You were not hungry.

You visited 1 branch of the dungeon, and saw 2 of its levels.

You collected 76 gold pieces.

Inventory:

Armour
 a - a +0 robe (worn)
Scrolls
 b - a scroll of magic mapping
 c - a scroll of fog {unknown}
 d - a scroll of identify {unknown}
 e - 3 scrolls of remove curse {unknown}


   Skills:
 + Level 0.8 Fighting
 + Level 1.8 Dodging
 - Level 1.6 Stealth
 + Level 3.5 Spellcasting
 * Level 4.7 Necromancy


You had 8 spell levels left.
You knew the following spells:

 Your Spells              Type           Power        Failure   Level  Hunger
a - Pain                  Necr           ###.         2%          1    N/A

Your spell library contained the following spells:

 Spells                   Type           Power        Failure   Level  Hunger
 Animate Skeleton         Necr           N/A          2%          1    N/A
 Vampiric Draining        Necr           ###.......   9%          3    N/A
 Animate Dead             Necr           N/A          26%         4    N/A
 Regeneration             Chrm/Necr      Unusable     N/A         3    N/A

Dungeon Overview and Level Annotations

Branches:
Dungeon (2/15)

Altars:
Trog
Xom


Innate Abilities, Weirdness & Mutations

You do not eat or drink.
Your flesh is vulnerable to fire.
You are immune to poison.
Your flesh is cold resistant. (rC+)
You are immune to negative energy. (rN+++)
You are immune to unholy pain and torment.
You can survive without breathing.


Message History

The orc wizard casts a spell.
The orc wizard flickers and vanishes!
Deactivating autopickup; reactivate with Ctrl-A.
Casting: Pain (safe; 2% risk of failure)
Confirm with . or Enter, or press ? or * to list all spells.
Aiming: Pain (safe; 2% risk of failure)
Press: ? - help, Shift-Dir - straight line Nothing appears to happen.
An orc wizard comes into view. It is wielding a dagger.
You hear some strange, mumbled words.
A puff of flame appears from out of thin air!
The puff of flame hits you! The fire burns you terribly!
Ouch! That really hurt!
* * * LOW HITPOINT WARNING * * *
As you read the scroll labeled AJEMAN AHOFAUT, it crumbles to dust.
You feel aware of your surroundings.
You sensed 1 altar.
It was a scroll of magic mapping.
An orc comes into view. It is wielding a flail.
Something hits you.
You die...

#>#
#.##...........,,,,,,,..,
***#.#
#.##.##..##..##*,********
,,,..# #.##(##..##..#
*,***** ***###
#.##(##......# *,,,,,* **
#.##)###.###.# *****,* ,*
#.##.....# *,* *,* ,*
#.##.(...##*,* *,* ,*
#.#.......##.# *,* ,*
#.......@....# *,* ,*
##.......{o### *,* ,*
#.##...##o# *,* ,#
#.##...#*o# *,* .#******
#.######*,# *,****
,,,,,,,**###******,**
*,,,,*
.#***,**,,,*,,,**,,,*
****,* .#
*,*,,*,,*,,***,,* *,* ##
*,,,*,,*,,*,_*,,**** *,*


You could see an orc wizard and 2 orcs.

Vanquished Creatures
  3 adders (D:2)
  An ooze (D:2)
  A worm (D:2)
  An orc (D:2)
  A bat (D:1)
  A giant cockroach (D:2)
  4 goblins
  2 hobgoblins
  2 jackals (D:2)
  2 frilled lizards (D:2)
  2 kobolds
20 creatures vanquished.

Notes
Turn   | Place    | Note
-------+----------+-------------------------------------------
     0 | D:1      | KomradDre the Mummy Necromancer began the quest for the
                  | Orb.
     0 | D:1      | Reached XP level 1. HP: 13/13 MP: 4/4
   104 | D:1      | Found a shimmering altar of Xom.
   545 | D:2      | Reached XP level 2. HP: 18/19 MP: 0/6
   747 | D:2      | Reached XP level 3. HP: 12/24 MP: 0/7
   894 | D:2      | Found a bloodstained altar of Trog.
  1254 | D:2      | HP: 1/25 [something/puff of flame (15)]
  1255 | D:2      | Slain by an orc wizard

Skill      XL: |  1 |
---------------+----+-----
Spellcasting   | 3 |  3.5
Fighting       | |  0.8
Dodging        | |  1.8
Stealth        | |  1.6
Necromancy     | |  4.7

Action                   || total
-------------------------++-------
Melee: Unarmed           ||     5
 Cast: Pain              ||    57
  Use: Scroll            ||     1
Armor: Robe              ||    12
Dodge: Dodged            ||    41
